 Dungeon Crawl Stone Soup version 0.28.0-53-g5a82cb258f (webtiles) character file.

Game seed: 4777804814530141728

62 firemarshallily the Ruffian (level 3, -1/36 HPs)
             Began as a Troll Monk on July 7, 2022.
             Slain by Ijyb
             ... wielding a +2 dagger of speed
              (4 damage)
             ... on level 3 of the Dungeon.
             The game lasted 00:03:27 (1288 turns).

firemarshallily the Ruffian (Troll Monk)            Turns: 1288, Time: 00:03:28

Health: -1/36      AC:  4    Str: 19    XL:     3   Next: 85%
Magic:  2/2        EV: 10    Int:  6    God:
Gold:   56         SH:  0    Dex: 14    Spells: 2/2 levels left

rFire   . . .      SeeInvis .     - Unarmed
rCold   . . .      Faith    .   (no shield)
rNeg    . . .      Spirit   .   a - +0 robe
rPois   .          Reflect  .   (helmet restricted)
rElec   .          Harm     .   (no cloak)
rCorr   .          Rampage  .   (gloves unavailable)
Will    .....                   (boots unavailable)
Stlth   ++........              (no amulet)
HPRegen 0.92/turn               (no ring)
MPRegen 0.08/turn               (no ring)

@: no status effects
A: large, unfitting armour, claws 3, regeneration 1, shaggy fur 1, tough skin 1
a: no special abilities


You were on level 3 of the Dungeon.
You visited 1 branch of the dungeon, and saw 3 of its levels.

You collected 56 gold pieces.

Inventory:

Missiles
 b - 98 stones (quivered)
 g - 2 poisoned darts
Armour
 a - a +0 robe (worn)
Jewellery
 f - a ring of fire


   Skills:
 + Level 2.9 Fighting
 + Level 2.8 Dodging
 - Level 1.0 Stealth
 * Level 4.0 Unarmed Combat


You had 2 spell levels left.
You didn't know any spells.
Your spell library contained the following spells:

 Spells                   Type           Power      Damage    Failure   Level
 Animate Skeleton         Necr           0%         N/A       45%         1
 Pain                     Necr           0%         1d4       45%         1
 Vampiric Draining        Necr           0%         2d6       83%         3


Dungeon Overview and Level Annotations

Branches:
Dungeon (3/15)

Altars:

Annotations:
D:3 Ijyb


Innate Abilities, Weirdness & Mutations

You are too large for most types of armour.
You have claws for hands.
Your natural rate of healing is unusually fast.
You are covered in fur. (AC +1)
You have tough skin. (AC +1)


Message History

You climb upwards.
There is a stone staircase leading down here.
There is a stone staircase leading up here.
You feel your willpower return.
There is a stone staircase leading down here.
You climb downwards.
Found a golden potion.
There is a stone staircase leading up here.
Ijyb shouts!
Ijyb hits you with a +2 dagger of speed!
You scratch Ijyb but do no damage. Ijyb closely misses you.
You scratch Ijyb.
Ijyb is moderately wounded.
Ijyb hits you with a +2 dagger of speed. x2
You scratch Ijyb.
Ijyb is heavily wounded.
Ijyb hits you with a +2 dagger of speed.
You scratch Ijyb.
Ijyb is severely wounded.
Ijyb drinks a potion.
Ijyb is healed!
You scratch Ijyb.
Ijyb is moderately wounded.
Ijyb hits you with a +2 dagger of speed. x2
You scratch Ijyb but do no damage.
Ijyb is moderately wounded.
Ijyb zaps a wand.
Your mind is blasted!
You closely miss Ijyb.
Ijyb is moderately wounded.
Ijyb hits you with a +2 dagger of speed.
You scratch Ijyb.
Ijyb is heavily wounded.
Ijyb misses you.
You claw Ijyb!
Ijyb is almost dead.
Ijyb zaps a wand.
Your mind is blasted!
* * * LOW HITPOINT WARNING * * *
You closely miss Ijyb.
Ijyb is severely wounded.
Ijyb hits you with a +2 dagger of speed.
You die...

#+# #.#
#.# # #.#
#.#g#
...##.#@#
#.......#
#..##.#.#
#.#<# #
#.# #.#
#.# #.#
#.!


You could see Ijyb.

Vanquished Creatures
  2 adders
  A dart slug (D:1)
  5 ball pythons (D:1)
  4 endoplasms
  4 giant cockroaches
  3 goblins
  4 hobgoblins
  10 kobolds
  2 bats
  3 frilled lizards
38 creatures vanquished.

Notes
Turn   | Place    | Note
-------+----------+-------------------------------------------
     0 | D:1      | firemarshallily the Troll Monk began the quest for the Orb.
     0 | D:1      | Reached XP level 1. HP: 22/22 MP: 0/0
   111 | D:1      | Reached XP level 2. HP: 29/29 MP: 1/1
   568 | D:2      | Reached XP level 3. HP: 36/36 MP: 2/2
  1251 | D:3      | Reached skill level 4 in Unarmed Combat
  1275 | D:3      | Noticed Ijyb
  1288 | D:3      | Slain by Ijyb

Illustrated notes

Levels and vault maps discovered:
D:1:      lemuel_arrival_cross, layout_basic, serial_glass, glass_columns_a,
          glass_columns_a, glass_columns_a, glass_columns_b, glass_columns_b,
          glass_columns_c, glass_columns_a, glass_columns_b, glass_columns_a,
          glass_columns_c, glass_columns_a, glass_columns_a, glass_columns_a,
          glass_columns_c
D:2:      cheibrodos_helix_gallery, layout_loops_ring
D:3:      layout_basic, regret_index_temple_of_mockery,
          hellmonk_ecumenical_altar_slurped_away, uniq_ijyb, uniq_grinder

Skill      XL: |  1  2  3 |
---------------+----------+-----
Unarmed Combat | 4 |  4.0
Fighting       | |  2.9
Dodging        | |  2.8
Stealth        | |  1.0

Action                   || total
-------------------------++-------
Melee: Unarmed           ||   112
       Punch             ||     1
  Use: Scroll            ||     5
 Stab: Sleeping          ||     1
Armor: Robe              ||    30
Dodge: Dodged            ||    44
